 Dungeon Crawl Stone Soup version 0.19.0-23-gf02e663 (console) character file.

2263 Morrissey the Chopper (level 9, -13/81 HPs)
             Began as a Deep Dwarf Berserker on Nov 19, 2016.
             Was a Believer of Trog.
             Mangled by an ogre
             ... wielding a +0 giant spiked club
              (15 damage)
             ... on level 6 of the Dungeon.
             The game lasted 00:11:46 (4603 turns).

Morrissey the Chopper (Deep Dwarf Berserker)        Turns: 4603, Time: 00:11:46

Health: -13/81     AC: 12    Str: 24    XL:     9   Next: 15%
Magic:  14/14      EV: 10    Int:  8    God:    Trog [**....]
Gold:   275        SH:  0    Dex: 16    Spells: 0 memorised, 8 levels left

rFire  + + .     SeeInvis .     a - +1 hand axe
rCold  + . .     Gourm    .     E - +0 plate armour
rNeg   . . .     Faith    .     (no shield)
rPois  .         Spirit   .     (no helmet)
rElec  .         Reflect  .     (no cloak)
rCorr  .         Harm     .     (no gloves)
MR     .....                    (no boots)
Stlth  ..........               r - amulet "Keucryra" {RegenMP +Blink rF+ rC+ MR-}
                                f - +4 ring of dexterity
                                h - ring of protection from fire (curse)

@: non-regenerating
A: damage resistance, recharge devices, sense surroundings 2, slow regeneration
3
a: Device Recharging, Berserk, Trog's Hand, Burn Spellbooks, Renounce Religion,
Evoke Blink


You were on level 6 of the Dungeon.
You worshipped Trog.
Trog was pleased with you.
You were hungry.

You visited 1 branch of the dungeon, and saw 6 of its levels.

You collected 275 gold pieces.

Inventory:

Hand Weapons
 a - a +1 hand axe (weapon)
Armour
 E - a +0 plate armour (worn)
Rods
 b - a +1 rod of clouds (5/11)
   (You found it on level 6 of the Dungeon)
Jewellery
 f - a +4 ring of dexterity (right hand)
 h - a cursed ring of protection from fire (left hand)
 r - the amulet "Keucryra" (around neck) {RegenMP +Blink rF+ rC+ MR-}
   (You found it on level 6 of the Dungeon)

   [amulet of magic regeneration]

   It increases your magic regeneration.
   It protects you from fire.
   It protects you from cold.
   It affects your resistance to hostile enchantments.
   It lets you blink.
Wands
 c - a wand of heal wounds (1/9)
 y - a wand of random effects (16/48)
 z - a wand of polymorph (10/24)
Scrolls
 i - 6 scrolls of identify {unknown}
 k - 3 scrolls of fear {unknown}
 o - a scroll of remove curse {unknown}
 p - 2 scrolls of random uselessness {unknown}
 s - a scroll of magic mapping {unknown}
 t - 2 scrolls of recharging {unknown}
 B - a scroll of amnesia {unknown}
Potions
 e - a potion of invisibility {unknown}
 l - a potion of magic {unknown}
 m - 2 potions of flight {unknown}
 n - a potion of cure mutation {unknown}
 q - a potion of berserk rage {unknown}
 v - 2 potions of curing {unknown}
 w - a potion of degeneration {unknown}
 x - 2 potions of agility
 A - a potion of brilliance {unknown}
Comestibles
 d - 4 bread rations
 g - 2 meat rations
 u - 3 beef jerkies
 C - 4 fruits
 D - 13 chunks of flesh


   Skills:
 + Level 5.6 Fighting
 + Level 6.9 Axes
 + Level 6.2 Armour
 + Level 6.3 Dodging
 + Level 6.9 Evocations


You had 8 spell levels left.
You didn't know any spells.

Dungeon Overview and Level Annotations

Branches:
Dungeon (6/15)             Temple (0/1) D:5

Altars:
Cheibriados
Dithmenos
Elyvilon
Fedhas
Gozag
Okawaru
Trog
Uskayaw
Vehumet
Xom
Yredelemnul

Annotations:
D:3 exclusion: 2 downstairs


Innate Abilities, Weirdness & Mutations

You are resistant to damage.
You can recharge devices by infusing magical energy.
You passively map the area around you.
You do not regenerate.


Message History

The ogre barely misses you.
You hit the ogre.
The ogre is heavily wounded.
You hit the ogre.
The ogre is severely wounded.
The ogre hits you with a giant spiked club!
* * * LOW HITPOINT WARNING * * *
You hit the ogre but do no damage.
The ogre is severely wounded.
The ogre completely misses you.
You barely miss the ogre.
The ogre is severely wounded.
You hit the ogre but do no damage.
The ogre is severely wounded.
The ogre hits you with a giant spiked club!
* * * LOW HITPOINT WARNING * * *
You hit the ogre.
The ogre is almost dead.
The ogre hits you with a giant spiked club!!
You die...

............#.#
####.......##.#_,
#.......'..# ,
#.......##.#
##########...##..#.#*
#........§§.####.#.#
#.....§§§.≈## #)#..
#.....§.§§§# #[##.
#....@O§§§§# ####.##.#
#......≈..§# #....)#_#
#.......≈§§###.....###
#........≈.#..........
#..........#.#........
#..........#......(...
#############..###.###
##.#*#.# #..,.>#


You could see an ogre.

Vanquished Creatures
  A gargoyle (D:6)
  Menkaure (D:5)
  An orc warrior (D:6)
  A sky beast (D:6)
  Duvessa (D:5)
  2 ogres (D:5)
  The ghost of Nimsei the Slasher, an amateur DsGl (D:4)
  A gnoll sergeant (D:4)
  A bullfrog (D:6)
  Dowan (D:5)
  A scorpion (D:4)
  3 howler monkeys
  3 crimson imps
  A bullfrog zombie (D:5)
  A centaur zombie (D:6)
  5 hounds
  3 orc priests
  A centaur skeleton (D:4)
  5 orc wizards
  An iguana (D:5)
  3 worker ants
  A worker ant zombie (D:5)
  7 adders
  11 gnolls
  A shadow imp (D:4)
  An ooze (D:1)
  2 adder skeletons (D:6)
  3 worms
  A dart slug (D:1)
  3 leopard geckos
  14 orcs
  A ball python (D:4)
  2 bats
  2 giant cockroaches
  4 goblins (D:1)
  5 hobgoblins
  15 jackals
  6 kobolds
  A quokka (D:5)
  5 frilled lizards
  A quokka zombie (D:6)
  6 rats
130 creatures vanquished.

Notes
Turn   | Place    | Note
-------+----------+-------------------------------------------
     0 | D:1      | Morrissey the Deep Dwarf Berserker began the quest for the Orb.
     0 | D:1      | Reached XP level 1. HP: 20/20 MP: 1/1
    97 | D:1      | Reached XP level 2. HP: 22/27 MP: 2/2
   307 | D:1      | Reached skill level 1 in Evocations
   356 | D:1      | Reached XP level 3. HP: 26/33 MP: 3/3
   469 | D:2      | Reached ** piety under Trog
   710 | D:2      | Found an opulent altar of Gozag.
  1136 | D:2      | Found a snail-covered altar of Cheibriados.
  1408 | D:3      | Reached XP level 4. HP: 14/42 MP: 5/5
  1970 | D:4      | Reached XP level 5. HP: 20/49 MP: 6/6
  2191 | D:4      | Reached XP level 6. HP: 29/56 MP: 0/8
  2332 | D:4      | Noticed Nimsei's ghost (amateur DsGl)
  2337 | D:4      | Killed Nimsei's ghost
  2654 | D:4      | Reached XP level 7. HP: 17/63 MP: 9/9
  2670 | D:4      | Reached skill level 5 in Axes
  3015 | D:5      | Entered Level 5 of the Dungeon
  3093 | D:5      | Noticed Menkaure
  3108 | D:5      | Killed Menkaure
  3108 | D:5      | Reached skill level 5 in Dodging
  3140 | D:5      | Found a staircase to the Ecumenical Temple.
  3180 | D:5      | Reached skill level 5 in Evocations
  3200 | D:5      | Reached skill level 5 in Armour
  3209 | D:5      | Reached XP level 8. HP: 39/73 MP: 11/11
  3585 | D:5      | Noticed Duvessa
  3588 | D:5      | Noticed Dowan
  3604 | D:5      | Killed Duvessa
  3617 | D:5      | Killed Dowan
  3786 | D:5      | Found a shimmering altar of Xom.
  3788 | D:5      | Found a blossoming altar of Fedhas.
  3788 | D:5      | Found an iron altar of Okawaru.
  3790 | D:5      | Found a bloodstained altar of Trog.
  3790 | D:5      | Found a basalt altar of Yredelemnul.
  3790 | D:5      | Found a white marble altar of Elyvilon.
  3870 | D:6      | Found a hide-covered altar of Uskayaw.
  3870 | D:6      | Noticed a dagger
  3870 | D:6      | Noticed a dagger
  3870 | D:6      | Noticed a gargoyle
  3923 | D:6      | Reached skill level 5 in Fighting
  4240 | D:6      | Killed a gargoyle
  4240 | D:6      | Gained mutation: You passively map the area around you. [Deep Dwarf growth]
  4240 | D:6      | Reached XP level 9. HP: 33/81 MP: 13/13
  4319 | D:6      | Found a blossoming altar of Fedhas.
  4320 | D:6      | Got a crude graven amulet
  4321 | D:6      | Identified the amulet "Keucryra" {RegenMP +Blink rF+ rC+ MR-} (You found it on level 6 of the Dungeon)
  4489 | D:6      | Identified a +1 rod of clouds (11/11) (You found it on level 6 of the Dungeon)
  4574 | D:6      | Found a shadowy altar of Dithmenos.
  4574 | D:6      | Found a radiant altar of Vehumet.
  4581 | D:6      | HP: 2/81 [ogre/giant spiked club (16)]
  4602 | D:6      | HP: 2/81 [ogre/giant spiked club (12)]
  4603 | D:6      | Mangled by an ogre

Skill      XL: |  1  2  3  4  5  6  7  8 |
---------------+-------------------------+-----
Evocations     | 1 2 3 5 6 |  6.9
Fighting       | 3 4 5 |  5.6
Armour         | 3 4 5 6 |  6.2
Dodging        | 3 4 5 6 |  6.3
Axes           | 4 5 6 |  6.9

Action                   |  1- 3 |  4- 6 |  7- 9 || total
-------------------------+-------+-------+-------++-------
Melee: Hand axe          |   114 |   146 |   265 ||   525
Invok: Trog's Hand       |     1 |     7 |    14 ||    22
       Berserk           |       |     4 |     7 ||    11
Evoke: Wand              |     1 |       |     3 ||     4
       Rod               |       |       |     2 ||     2
  Use: Scroll            |     1 |       |       ||     1
 Stab: Sleeping          |     1 |       |       ||     1
  Eat: Chunk             |     2 |     9 |    14 ||    25
       Bread ration      |       |       |     1 ||     1
       Fruit             |       |       |     1 ||     1
Armor: Animal skin       |     8 |       |       ||     8
       Scale mail        |     7 |    41 |    66 ||   114
       Plate armour      |       |       |     3 ||     3
Dodge: Dodged            |    55 |   102 |   151 ||   308
